 Dungeon Crawl Stone Soup version 0.18-a0-1312-gf98331d (webtiles) character file.

55 Ratboiler the Magician (level 3, 0/22 HPs)
             Began as a Deep Elf Wanderer on Feb 14, 2016.
             Slain by a jackal (3 damage)
             ... on level 2 of the Dungeon.
             The game lasted 00:05:57 (2212 turns).

Ratboiler the Magician (Deep Elf Wanderer)          Turns: 2212, Time: 00:05:57

Health: 0/22       AC:  6    Str: 10    XL:     3   Next: 67%
Magic:  9/9        EV:  9    Int: 17    God:
Gold:   70         SH:  0    Dex: 13    Spells: 2 memorised, 4 levels left

rFire  . . .     SeeInvis .     f - +0 dagger
rCold  . . .     Gourm    .     h - +0 ring mail
rNeg   . . .     Faith    .     (no shield)
rPois  .         Spirit   .     (no helmet)
rElec  .         Dismiss  .     (no cloak)
rCorr  .         Reflect  .     q - +0 pair of gloves (curse)
SustAt .         Harm     .     (no boots)
MR     .....                    (no amulet)
Stlth  +.........               (no ring)
                                (no ring)

@: very slightly contaminated, not resistant to hostile enchantments, very
unstealthy
A: no striking features
a: no special abilities


You were on level 2 of the Dungeon.
You were not hungry.

You visited 1 branch of the dungeon, and saw 2 of its levels.

You collected 70 gold pieces.

Inventory:

Hand Weapons
 f - a +0 dagger (weapon)
Missiles
 i - 78 stones (quivered)
 s - 22 sling bullets
 t - 7 needles of slowing
Armour
 e - a +0 robe
 h - a +0 ring mail (worn)
 q - a cursed +0 pair of gloves (worn)
Scrolls
 a - a scroll of blinking
 b - a scroll of fear
 m - a scroll of identify {unknown}
 o - a scroll of remove curse {unknown}
Potions
 n - a potion of resistance {unknown}
 p - a potion of magic {unknown}
Books
 c - the Handbook of the Escort

   Spells                             Type                      Level
   a - Summon Butterflies             Summoning                    1
   b - Summon Guardian Golem          Hexes/Summoning              3
Comestibles
 g - a bread ration
 j - a royal jelly
 k - a beef jerky


   Skills:
 - Level 2.7 Fighting
 - Level 1.2 Stealth
   Level 1.0 Shields
 - Level 1.0 Unarmed Combat
 - Level 3.0 Spellcasting
 * Level 1.5 Hexes
 + Level 0.4 Summonings
   Level 1.2 Necromancy
   Level 2.1 Earth Magic
   Level 1.1 Evocations


You had 4 spell levels left.
You knew the following spells:

 Your Spells              Type           Power        Failure   Level  Hunger
a - Summon Butterflies    Summ           #.......     38%         1    None
b - Summon Guardian Gole  Hex/Summ       #.......     88%         3    ###....


Dungeon Overview and Level Annotations

Branches:
Dungeon (2/15)

Altars:

Annotations:
D:2 Robin


Message History

You feel better. The jackal closely misses you.
Robin hits you but does no damage.
The jackal bites you but does no damage.
The jackal bites you.
You closely miss the jackal. The jackal closely misses you.
Robin hits you with a falchion. The jackal barely misses you.
The jackal closely misses you.
You completely miss the jackal.
The jackal bites you but does no damage.
Robin hits you with a falchion.
The jackal bites you but does no damage. x2
You hit the jackal but do no damage. The jackal closely misses you.
Robin hits you with a falchion.
* * * LOW HITPOINT WARNING * * *
The jackal barely misses you. The jackal bites you.
* * * LOW HITPOINT WARNING * * *
You hit the jackal but do no damage.
The jackal bites you but does no damage.
Robin hits you but does no damage. The jackal bites you.
You die...

#.....#..# ##.##
###... ########g#
#...# #....#
#.###...#### ###.##..
#.##.......# #...# ##
#.##.#.###.#####.###
###...w.ยง#.........#
#g..b####h.#.#######
### #.#######h##.##
####..
#####.####.g@h##bb#
##bw...
#.....w....######.###
#b.##.. #.........##
#...###.###.)
#........## ###.....#
#.. #........#
####### #..
#........# #..
#........# #..
#........# ###
##########


You could see a worm, Robin and 3 jackals.

Vanquished Creatures
  An adder (D:2)
  An ooze (D:1)
  A giant gecko (D:1)
  2 bats
  A giant cockroach (D:1)
  14 goblins
  4 hobgoblins (D:1)
  3 jackals (D:1)
  A quokka (D:2)
  5 giant newts
  A rat (D:1)
34 creatures vanquished.

Notes
Turn   | Place    | Note
--------------------------------------------------------------
     0 | D:1      | Ratboiler the Deep Elf Wanderer began the quest for the Orb.
     0 | D:1      | Ratboiler set off with: a scroll of blinking, a scroll of fear, the Handbook of the Escort, a potion of lignification, a +0 robe, a +0 dagger, a bread ration
     0 | D:1      | Reached XP level 1. HP: 12/12 MP: 6/6
     0 | D:1      | Identified the Handbook of the Escort
     2 | D:1      | Learned a level 1 spell: Summon Butterflies
   357 | D:1      | Reached XP level 2. HP: 17/17 MP: 8/8
  1191 | D:2      | Noticed Robin
  1496 | D:2      | Reached XP level 3. HP: 7/22 MP: 9/9
  1945 | D:1      | Learned a level 3 spell: Summon Guardian Golem
  2151 | D:2      | Reached skill level 1 in Hexes
  2212 | D:2      | Slain by a jackal

Vault maps used:
D:1:      minmay_arrival_shattered_statue
D:2:      uniq_robin

Action                   || total
-------------------------++-------
Melee: Dagger            ||   222
Throw: Stone             ||    21
 Cast: Summon Butterflie ||     7
  Use: Potion            ||     3
 Stab: Sleeping          ||     1
  Eat: Chunk             ||     4
